 Dungeon Crawl Stone Soup version 0.30-a0-568-g124715a40b (webtiles) character file.

Game seed: 8479160005048038564

3809 Newt the Trooper (level 9, -3/71 HPs)
             Began as a Demonspawn Gladiator on Dec 28, 2022.
             Was an Initiate of Yredelemnul.
             Slain by an orc warrior
             ... wielding a +0 dire flail
              (12 damage)
             ... on level 8 of the Dungeon.
             The game lasted 00:11:37 (10013 turns).

Newt the Trooper (Demonspawn Gladiator)            Turns: 10013, Time: 00:11:38

Health: -3/71      AC:  9    Str: 21    XL:     9   Next: 96%
Magic:  0/9        EV: 11    Int:  9    God:    Yredelemnul [......]
Gold:   543        SH: 10    Dex: 15    Spells: 8/8 levels left

rFire   + . .      SeeInvis .    n - +4 spear (heavy)
rCold   . . .      Faith    .    A - +0 kite shield
rNeg    . . .      Spirit   +    p - +1 leather armour of the Dolphin {Str+2}
rPois   +          Reflect  .    (helmet restricted)
rElec   .          Harm     .    d - +2 cloak {rCorr}
rCorr   +          Rampage  .    (no gloves)
Will    .....      Clarity  +    e - +0 pair of boots
Stlth   ++                       g - amulet of guardian spirit
HPRegen 0.31/turn                j - ring of poison resistance
MPRegen 0.11/turn                r - ring of protection from fire

@: no status effects
A: antennae 2, rugged brown scales 1, demonic magic 2, clarity, wild magic 1
a: Renounce Religion, Recall Undead Harvest


You were on level 8 of the Dungeon.
You worshipped Yredelemnul.
Yredelemnul was noncommittal.
You visited 2 branches of the dungeon, and saw 9 of its levels.
You also visited: Sewer.

You collected 543 gold pieces.

Inventory:

Hand Weapons
 a - a +0 rapier
 k - a +2 dagger of draining
 m - a +2 heavy mace
 n - a +4 heavy spear (weapon)
 y - a +0 dagger
Missiles
 i - a javelin
 s - 25 poisoned darts (quivered)
Armour
 b - a +0 leather armour
 c - a +0 helmet
 d - a +2 cloak of preservation (worn)
 e - a +0 pair of boots (worn)
 p - the +1 leather armour of the Dolphin (worn) {Str+2}
   (You found it on level 3 of the Dungeon)

   Str:       It affects your strength (+2).
 q - +0 steam dragon scales
 A - a +0 kite shield (worn)
Jewellery
 g - an amulet of guardian spirit (around neck)
 j - a ring of poison resistance (left hand)
 r - a ring of protection from fire (right hand)
Wands
 h - a wand of polymorph (1)
 t - a wand of digging (5)
 v - a wand of flame (2)
 E - a wand of charming (10)
Scrolls
 l - 2 scrolls of fog
Potions
 f - a potion of mutation
 o - 3 potions of degeneration {unknown}
 u - a potion of magic {unknown}
 w - a potion of cancellation {unknown}
 x - 2 potions of lignification {unknown}
 z - a potion of ambrosia {unknown}


   Skills:
 - Level 6.0 Fighting
 - Level 2.6 Short Blades
 - Level 4.0 Maces & Flails
 - Level 6.0 Polearms
 - Level 5.0 Throwing
 - Level 4.0 Armour
 - Level 4.0 Dodging
 - Level 3.0 Stealth
 + Level 5.5 Shields


You had 8 spell levels left.
You didn't know any spells.
Your spell library contained the following spells:

 Spells                   Type           Power      Damage    Failure   Level
 Kiss of Death            Conj/Necr      0%         2d5       85%         1
 Magic Dart               Conj           0%         1d3       85%         1
 Call Imp                 Summ           0%         N/A       93%         2
 Confusing Touch          Hex            0%         N/A       99%         3
 Ignite Poison            Fire/Tmut/Pois 0%         N/A       99%         3
 Kindle Blastsparks       Fire/Tloc/Air  0%         2d10      99%         3
 Mephitic Cloud           Conj/Pois/Air  0%         N/A       99%         3
 Dispel Undead            Necr           0%         3d6       100%        4
 Freezing Cloud           Conj/Ice/Air   0%         6-21      100%        5


Dungeon Overview and Level Annotations

Branches:
Dungeon (8/15)             Temple (1/1) D:7           Sewer (visited)
   Lair: D:8-11

Altars:
Cheibriados
Dithmenos
Fedhas
Gozag
Hepliaklqana
Kikubaaqudgha
Makhleb
Nemelex Xobeh
Okawaru
Ru
Trog
Uskayaw
Vehumet
Yredelemnul

Shops:
D:6 [

Annotations:
D:4 3 runed translucent doors, Jase's ghost, amateur FoFi


Innate Abilities, Weirdness & Mutations

You have a pair of antennae on your head.
You are partially covered in rugged brown scales. (AC +1, +3% HP)
Spells you cast may paralyse nearby enemies.
You possess an exceptional clarity of mind.
Your spells are a little harder to cast, but a little more powerful.


Message History

You feel better. The orc warrior barely misses you.
Something hits you but does no damage.
Your orc zombie hits the orc.
You closely miss something.
An orc wizard appears from thin air!
Reactivating autopickup.
The orc hits your orc zombie with a +0 hand axe of freezing!
Your orc zombie closely misses the orc.
You barely miss the orc wizard. You block the orc wizard's attack.
The orc barely misses your orc zombie. The orc warrior closely misses you.
The orc wizard hits you but does no damage.
You closely miss the orc wizard.
The orc hits your orc zombie with a +0 hand axe of freezing.
Your orc zombie is destroyed!
The orc warrior hits you with a +0 dire flail.
* * * LOW HITPOINT WARNING * * *
The orc wizard points at you and mumbles some strange words.
You easily resist.
The orc shouts!
You puncture the orc wizard!
The orc wizard is heavily wounded.
The orc warrior hits you with a +0 dire flail!
* * * LOW HITPOINT WARNING * * *
The orc wizard closely misses you.
You feel better. You block the orc warrior's attack.
You block the orc wizard's attack.
You closely miss the orc warrior. You block the orc warrior's attack.
The orc wizard hits you but does no damage.
You block the orc warrior's attack.
The orc wizard hits you but does no damage.
You closely miss the orc warrior.
The orc warrior hits you with a +0 dire flail.
* * * LOW HITPOINT WARNING * * *
You block the orc wizard's attack.
You barely miss the orc warrior. The orc warrior misses you.
The orc wizard closely misses you.
The orc warrior hits you with a +0 dire flail!
* * * LOW HITPOINT WARNING * * *
You completely miss the orc warrior. You block the orc wizard's attack.
The orc warrior hits you with a +0 dire flail!
You die...
Your body rises from the dead as a mindless zombie.

#### ###### ###...# #....#
####...#.## #....# #.........#
#....#### #.........#
.#########..oo@###.........#
............##o............# #
##....))[.).>......<.......####
......).).Z....................
......).....##..########.#.###.
#...........#.....# #.#.###.
#........[....##### #.#..##.
##...........## #.......
####.#..##.## ####....


You could see an orc warrior, an orc wizard and an orc.

Vanquished Creatures
  Maggie (D:7)
  Prince Ribbit (D:5)
  A hornet (D:8)
  2 yaks (D:8)
  Menkaure (D:5)
  2 water moccasins
  3 sky beasts
  Duvessa (D:5)
  An orc warrior (D:8)
  A black bear (D:6)
  3 ice beasts
  Pargi (Sewer)
  A centaur (D:8)
  2 ogres
  A phantom (D:4)
  A kobold brigand (D:6)
  Blork the orc (D:5)
  2 gnoll sergeants
  2 bullfrogs
  A scorpion (D:5)
  Dowan (D:5)
  3 howler monkeys (D:7)
  3 hounds
  An orc priest (D:4)
  Crazy Yiuf (D:2)
  2 iguanas
  3 orc wizards
  17 gnolls
  7 adders
  A shadow imp (D:5)
  3 worms
  2 dart slugs
  16 orcs
  5 ball pythons
  4 endoplasms
  3 giant cockroaches
  16 goblins
  8 hobgoblins
  7 jackals
  A quokka (D:2)
  6 bats
  3 frilled lizards
  7 kobolds
  8 rats
157 creatures vanquished.

Vanquished Creatures (collateral kills)
  2 gnolls (D:8)
2 creatures vanquished.

Vanquished Creatures (others)
  A yak (D:8)
  A yak zombie (D:8)
  A centaur zombie (D:8)
  2 gnoll zombies (D:8)
  7 orc zombies (D:8)
  18 plants (D:2)
30 creatures vanquished.

Grand Total: 189 creatures vanquished

Notes
Turn   | Place    | Note
-------+----------+-------------------------------------------
     0 | D:1      | Newt the Demonspawn Gladiator began the quest for the Orb.
     0 | D:1      | Reached XP level 1. HP: 16/16 MP: 1/1
    54 | D:1      | Reached skill level 1 in Stealth
   173 | D:1      | Gained mutation: You have a pair of small antennae on your
                  | head. [demonic ancestry]
   173 | D:1      | Reached XP level 2. HP: 16/22 MP: 2/2
  1582 | D:2      | Reached XP level 3. HP: 6/27 MP: 0/3
  1762 | D:2      | Gained mutation: You have a pair of antennae on your head.
                  | [demonic ancestry]
  1762 | D:2      | Reached XP level 4. HP: 34/34 MP: 2/4
  1847 | D:2      | Found a runed translucent door.
  1848 | D:2      | Noticed Crazy Yiuf
  1870 | D:2      | Killed Crazy Yiuf
  2775 | D:3      | Identified the +1 leather armour of the Dolphin {Str+2}
  2832 | D:3      | Reached XP level 5. HP: 41/42 MP: 5/5
  2898 | D:3      | Found a faded altar of an unknown god.
  3677 | D:4      | Found a glowing drain.
  3693 | Sewer    | Entered a sewer
  3757 | Sewer    | Noticed Pargi
  3768 | Sewer    | Killed Pargi
  3769 | Sewer    | Gained mutation: Spells you cast may paralyse adjacent
                  | enemies. [demonic ancestry]
  3769 | Sewer    | Reached XP level 6. HP: 13/48 MP: 1/6
  4337 | D:4      | Reached skill level 5 in Throwing
  4604 | D:4      | Reached skill level 1 in Maces & Flails
  4746 | D:4      | Found a runed translucent gate.
  4746 | D:4      | Found a runed translucent gate.
  4746 | D:4      | Noticed Jase's ghost (amateur FoFi)
  4747 | D:4      | Found a runed translucent gate.
  5199 | D:5      | Entered Level 5 of the Dungeon
  5305 | D:5      | Gained mutation: You are partially covered in rugged brown
                  | scales. (AC +1, +3% HP) [demonic ancestry]
  5305 | D:5      | Reached XP level 7. HP: 46/55 MP: 5/7
  5542 | D:5      | Noticed Menkaure
  5551 | D:5      | Killed Menkaure
  5803 | D:5      | Noticed a yak
  5804 | D:5      | Noticed a yak
  5805 | D:5      | Noticed a yak
  5805 | D:5      | Noticed a yak
  5823 | D:5      | Noticed a yak
  5824 | D:5      | Noticed a yak
  5833 | D:5      | Gained mutation: You possess an exceptional clarity of
                  | mind. [potion of mutation]
  5833 | D:5      | Gained mutation: Your spells are a little harder to cast,
                  | but a little more powerful. [potion of mutation]
  6041 | D:5      | Noticed Dowan
  6047 | D:5      | Noticed Duvessa
  6055 | D:5      | Killed Dowan
  6057 | D:5      | Killed Duvessa
  6058 | D:5      | Reached skill level 1 in Armour
  6317 | D:5      | Found a snail-covered altar of Cheibriados.
  6319 | D:5      | Found a hide-covered altar of Uskayaw.
  6338 | D:5      | Found a sparkling altar of Nemelex Xobeh.
  6360 | D:5      | Noticed Blork the orc
  6361 | D:5      | Noticed Prince Ribbit
  6389 | D:5      | Killed Blork the orc
  6396 | D:5      | Reached XP level 8. HP: 42/61 MP: 1/8
  6420 | D:5      | Killed Prince Ribbit
  7241 | D:6      | Reached skill level 5 in Fighting
  7306 | D:6      | Reached skill level 1 in Polearms
  7803 | D:6      | Found Pyrghodut's Armour Boutique.
  7860 | D:6      | Gained mutation: Spells you cast may paralyse nearby
                  | enemies. [demonic ancestry]
  7860 | D:6      | Reached XP level 9. HP: 48/71 MP: 6/9
  8669 | D:7      | Reached skill level 5 in Polearms
  8744 | D:7      | Found a staircase to the Ecumenical Temple.
  8762 | Temple   | Entered the Ecumenical Temple
  8855 | Temple   | Became a worshipper of Yredelemnul the Dark
  9080 | D:7      | Noticed Maggie
  9102 | D:7      | Killed Maggie
  9711 | D:8      | Reached * piety under Yredelemnul
  9985 | D:8      | Reached skill level 5 in Shields
 10013 | D:8      | Slain by an orc warrior

Illustrated notes

Levels and vault maps discovered:
D:1:      dpeg_arrival_orchard, layout_basic
D:2:      wad_river_or_something, layout_basic, nicolae_grassy_gnolls,
          uniq_crazy_yiuf_cottage
D:3:      kennysheep_the_goblin_king, layout_basic,
          hellmonk_ecumenical_altar_lost_god
D:4:      minmay_spotlight, layout_gridville, gammafunk_ghost_nasty_kobolds,
          cheibrodos_sewer_entry_bend
D:5:      layout_cave_pools, mainiacjoe_overflow_surrounded_room,
          lemuel_blue_sif_altar, chequers_temple_overflow_statue_of_worship,
          fountainhead, chequers_jeans, nrook_pool_corridor, uniq_duvessa,
          uniq_menkaure, uniq_prince_ribbit1, uniq_blork_the_orc
D:6:      layout_rooms, serial_shops, nicolae_shop_advertising_works
          [nicolae_subvault_shop_adworks]
D:7:      layout_cave_pods, minmay_temple_entry_gardened_gates, uniq_maggie
D:8:      layout_rooms, gammafunk_temple_overflow_elements,
          amethyst_overflow_temple_binary, enter_bailey_3, minivault_14,
          abandoned_shop, uniq_psyche
Temple:   nicolae_temple_ecumenical_triangle

Skill      XL: |  1  2  3  4  5  6  7  8  9 |
---------------+----------------------------+-----
Stealth        | 1 2 3 |  3.0
Fighting       | 4 6 |  6.0
Throwing       | 2 4 5 |  5.0
Maces & Flails | 1 4 |  4.0
Armour         | 3 4 |  4.0
Dodging        | 4 |  4.0
Polearms       | 3 6 |  6.0
Shields        | 5 |  5.5
Short Blades   | |  2.6

Action                   |  1- 3 |  4- 6 |  7- 9 || total
-------------------------+-------+-------+-------++-------
Melee: Rapier            |    42 |       |       ||    42
       Punch             |     2 |     3 |       ||     5
       Dagger            |    31 |    93 |       ||   124
       Mace              |       |   119 |    76 ||   195
       Spear             |       |       |   210 ||   210
       Unarmed           |       |       |    10 ||    10
Throw: Throwing net      |     2 |     3 |     3 ||     8
       Javelin           |       |     1 |     1 ||     2
       Dart              |       |       |     2 ||     2
Evoke: Wand              |       |     1 |    17 ||    18
  Use: Scroll            |     2 |     7 |     6 ||    15
       Potion            |       |     1 |     8 ||     9
 Stab: Sleeping          |     2 |    12 |     2 ||    16
       Held in net/web   |     1 |       |       ||     1
       Distracted        |       |       |     1 ||     1
Armor: Leather armour    |    15 |   123 |   142 ||   280
Dodge: Dodged            |    59 |   249 |   244 ||   552
Block: Kite shield       |       |       |    97 ||    97

Table legend: (Time is in decaauts)
 A = Elapsed time spent in this place.
 B = Non-inter-level travel time spent in this place.
 C = Inter-level travel time spent in this place.
 D = Time resting spent in this place.
 E = Time spent auto-exploring this place.
 F = Levels seen in this place.
 G = Mean time per level.
                   A        B        C        D        E       F      G
               +--------+--------+--------+--------+--------+-----+--------+
         Total |  10254 |  10064 |    190 |   2910 |   5313 |  10 | 1025.4 |
       Dungeon |   9839 |   9660 |    179 |   2791 |   5120 |   8 | 1229.9 |
        Temple |    104 |     93 |     11 |      0 |     78 |   1 |  104.0 |
         Sewer |    309 |    309 |      0 |    119 |    115 |   1 |  309.0 |
               +--------+--------+--------+--------+--------+-----+--------+

Top non-repeatable levels by time:
     D:5: 1973 daAuts
     D:4: 1546 daAuts
     D:2: 1496 daAuts
     D:6: 1344 daAuts
     D:1: 1250 daAuts
     D:7: 1212 daAuts
     D:3: 758 daAuts
   Sewer: 309 daAuts
     D:8: 256 daAuts
  Temple: 104 daAuts
